 Dungeon Crawl Stone Soup version 0.32-a0-918-g0f22ef8d61 (webtiles) character file.

Game seed: 3611716221666077198

122 jasper the Chopper (level 4, -13/52 HPs)
             Began as a Demonspawn Berserker on Apr 10, 2024.
             Was a Believer of Trog.
             Mangled by an orc wizard
             ... wielding a +0 dagger of distortion
              (17 damage)
             ... on level 4 of the Dungeon.
             The game lasted 00:06:50 (2627 turns).

jasper the Chopper (Demonspawn Berserker)           Turns: 2627, Time: 00:06:51

Health: -13/52     AC: 22    Str: 20    XL:     4   Next: 78%
Magic:  4/4        EV:  2    Int: 11    God:    Trog [**....]
Gold:   62         SH:  3    Dex: 12    Spells: 3/3 levels left

rFire   . . .        (no weapon)
rCold   . . .        k - +0 buckler
rNeg    . . .        s - melded +0 chain mail
rPois   +            (helmet currently unavailable)
rElec   .            (cloak currently unavailable)
rCorr   .            (gloves currently unavailable)
SInv    .            g - melded +2 pair of boots
Will    ++...        d - amulet of the acrobat
Stlth   +            (no ring)
HPRegen 2.28/turn    (no ring)
MPRegen 0.09/turn

%: acrobat
@: tree-form, strong-willed (expiring), on berserk cooldown, regenerating
(expiring), slowed, very slow
A: stationary, stasis, torment immunity, boosted hp, powered by death 1, big
brain 2
a: Renounce Religion, Berserk, Trog's Hand


You were on level 4 of the Dungeon.
You worshipped Trog.
Trog was pleased with you.
You were a tree.
You visited 1 branch of the dungeon, and saw 4 of its levels.

You collected 62 gold pieces.

Inventory:

Hand Weapons
 a - a +0 hand axe
 h - the +6 spear "Conservator" {freeze, rC++ Str-2 Int+4}
   (You found it on level 2 of the Dungeon)

   Str-2:     It affects your strength (-2).
   Int+4:     It affects your intelligence (+4).
   rC++:      It greatly protects you from cold.
 m - a +2 mace of protection
 r - a +1 heavy hand axe
Missiles
 j - 10 stones (quivered)
 l - a throwing net
Armour
 b - a +0 animal skin
 g - a +2 pair of boots (melded)
 k - a +0 buckler (worn)
 s - a +0 chain mail (melded)
Jewellery
 d - an amulet of the acrobat (around neck)
Scrolls
 c - 3 scrolls of teleportation
 f - 2 scrolls of immolation
 q - 3 scrolls of vulnerability
Potions
 e - a potion of mutation {unknown}
 i - a potion of lignification
 n - a potion of enlightenment {unknown}
 o - a potion of heal wounds {unknown}
 p - a potion of brilliance {unknown}


   Skills:
 - Level 3.0 Fighting
 + Level 5.1 Axes
 - Level 1.7 Armour
 - Level 1.7 Dodging


You had 3 spell levels left.
You didn't know any spells.
Your spell library was empty.

Dungeon Overview and Level Annotations

Branches:
Dungeon (4/15)
 Temple: D:4-7

Altars:
Ashenzari
Fedhas
Gozag

Shops:
D:1 [


Innate Abilities, Weirdness & Mutations

You are a tree.
Your roots penetrate the ground, keeping you stationary.
You cannot be teleported.
You are immune to unholy pain and torment.
Your maximum health is greatly increased.
Your equipment is partially melded.
You regenerate a little health from kills.
You have an extremely huge brain. (Int +4)


Message History

You regained 2 hp, and now have 46/52 hp.
You barely miss the orc wizard.
The orc wizard is lightly wounded.
You are no longer berserk.
You are exhausted.
You feel yourself slow down.
The orc wizard hits you with a +0 dagger of distortion.
Space warps horribly around you!!
Ouch! That really hurt!
You now have 12/35 hp.
Press: ? - help, v - describe, . - travel, g - get item
Here: an orc wizard, wielding a +0 dagger of distortion and wearing a +0 robe (lightly wounded)
Items here: a +0 hand axe; a +0 war axe; an orc corpse.
The floor, spattered with blood.
Unknown command.
You turn into a tree.
Your +2 pair of boots melds into your body.
Your +0 chain mail melds into your body.
Your roots penetrate the ground.
You feel the effects of Trog's Hand fading.
The orc wizard mumbles some strange words.
The orc wizard flickers and vanishes!
Deactivating autopickup; reactivate with Ctrl-A.
A dart slug comes into view.
You now have 22/52 hp.
You are now empty-handed.
The endoplasm hits you but does no damage.
Something hits you but does no damage. Space warps horribly around you!
* * * LOW HITPOINT WARNING * * *
You take 13 damage, and have 9/52 hp.
MASSIVE DAMAGE!!
You cannot move.
You miss something. Something hits you but does no damage.
Space warps around you.
* * * LOW HITPOINT WARNING * * *
The endoplasm freezes you.
You are frozen.
* * * LOW HITPOINT WARNING * * *
The endoplasm hits you but does no damage.
Something hits you but does no damage. Space warps horribly around you!
You die...

.#.#.# ..#.#
###.#.#
###...#.#
.........
........#
........####..#
.......♣{...w..
........J...[.#
...)...........
.###....##.#...
....... .# ..
###..... . .
#..... #
.......


You could see a dart slug and an endoplasm.

Vanquished Creatures
  A hound (D:3)
  2 adders (D:3)
  A ribbon worm (D:3)
  3 dart slugs
  5 orcs
  8 ball pythons
  2 endoplasms
  2 giant cockroaches
  5 goblins
  6 hobgoblins
  4 jackals (D:3)
  A quokka (D:3)
  3 bats (D:1)
  3 frilled lizards
  8 kobolds
  5 rats
59 creatures vanquished.

Notes
Turn   | Place    | Note
-------+----------+-------------------------------------------
     0 | D:1      | jasper the Demonspawn Berserker began the quest for the
                  | Orb.
     0 | D:1      | Reached XP level 1. HP: 18/18 MP: 1/1
   160 | D:1      | Reached skill level 3 in Axes
   280 | D:1      | Gained mutation: You have an unusually large brain. (Int
                  | +2) [demonic ancestry]
   280 | D:1      | Reached XP level 2. HP: 16/24 MP: 2/2
   351 | D:1      | Found Gueb Elof's Antique Armour Shoppe.
   986 | D:1      | Gained mutation: You regenerate a little health from kills.
                  | [demonic ancestry]
   986 | D:1      | Reached XP level 3. HP: 29/29 MP: 3/3
  1197 | D:2      | Identified the +6 spear "Conservator" {freeze, rC++ Str-2
                  | Int+4}
  1421 | D:2      | Reached skill level 4 in Axes
  1439 | D:2      | Reached ** piety under Trog
  1745 | D:3      | Gained mutation: You have an extremely huge brain. (Int +4)
                  | [demonic ancestry]
  1745 | D:3      | Reached XP level 4. HP: 35/35 MP: 4/4
  1821 | D:3      | Found a blossoming altar of Fedhas.
  1821 | D:3      | Found an opulent altar of Gozag.
  2097 | D:3      | Found a faded altar of an unknown god.
  2112 | D:3      | Found a broken altar of Ashenzari.
  2121 | D:3      | Reached skill level 5 in Axes
  2627 | D:4      | Mangled by an orc wizard

Illustrated notes

Levels and vault maps discovered:
D:1:      lightli_molten_gateway, layout_loops_ring, serial_shops, shop,
          minmay_crystal_room, hangedman_abyss_or_decor_stabs,
          minmay_tiny_reverse_x
D:2:      layout_rooms
D:3:      minmay_evil_eye, layout_basic, nicolae_overflow_two_pavilions,
          cheibrodos_ashenzari_chains, shapermc_ecumenical_altar_acropolis,
          corexii_shack
D:4:      layout_basic, kennysheep_mini, zin_statuary, kb_xom_exploding_sheep,
          saegor_snake_ambush

Skill      XL: |  1  2  3  4 |
---------------+-------------+-----
Axes           | 3 4 5 |  5.1
Fighting       | |  3.0
Armour         | |  1.7
Dodging        | |  1.7

Action                     |  1- 3 |  4- 6 || total
---------------------------+-------+-------++-------
  Melee: Hand axe          |   107 |    70 ||   177
         Unarmed           |       |     1 ||     1
  Throw: Stone             |     6 |     5 ||    11
 Invoke: Berserk           |     1 |     2 ||     3
         Trog's Hand       |       |     1 ||     1
    Use: Scroll            |     4 |       ||     4
         Potion            |       |     2 ||     2
   Stab: Sleeping          |     2 |       ||     2
 Armour: Animal skin       |    66 |    29 ||    95
         Skin              |       |    16 ||    16
         Chain mail        |       |     6 ||     6
  Dodge: Dodged            |    75 |    39 ||   114
  Block: Buckler           |    19 |    11 ||    30

Table legend: (Time is in decaauts)
 A = Elapsed time spent in this place.
 B = Non-inter-level travel time spent in this place.
 C = Inter-level travel time spent in this place.
 D = Time resting spent in this place.
 E = Time spent auto-exploring this place.
 F = Levels seen in this place.
 G = Mean time per level.
                   A        B        C        D        E       F      G
               +--------+--------+--------+--------+--------+-----+--------+
         Total |   2664 |   2519 |    145 |    101 |   1812 |   4 |  666.0 |
       Dungeon |   2664 |   2519 |    145 |    101 |   1812 |   4 |  666.0 |
               +--------+--------+--------+--------+--------+-----+--------+

Top non-repeatable levels by time:
     D:1: 1136 daAuts
     D:3: 942 daAuts
     D:2: 571 daAuts
     D:4: 14 daAuts
